Map: Vaani Research Station (Void)

Players

PeterKmot

  • Race: Protoss Protoss
  • Spawn Location: 12:00

Gorod - Winner!

  • Race: Zerg Zerg
  • League: Diamond
  • Spawn Location: 6:00

VOD

Have the link to the VOD?

Description

Time

  • Played on: Dec. 19, 2016, 8:58 a.m.
  • Length: 11:34
Show
View Real Time Build Order
Export as new Build Order

PeterKmot Protoss 

Build Orders: 1 Gate Expand, Zealot Archon, Dark Templar Rush 

Get SALT Encoding   

  12  0:01  Probe (Chrono Boost)  
  13  0:11  Probe (Chrono Boost)  
  14  0:19  Pylon  
  14  0:22  Probe (Chrono Boost)  
  15  0:37  Probe (Chrono Boost)  
  15  0:39  Gateway  
  16  0:45  Assimilator  
  16  0:49  Probe (Chrono Boost)  
  17  1:00  Probe (Chrono Boost)  
  18  1:10  Probe (Chrono Boost)  
  20  1:25  Probe (Chrono Boost)  
  20  1:35  Nexus  
  20  1:41  Cybernetics Core  
  21  1:47  Assimilator, Probe (Chrono Boost)  
  21  1:52  Pylon  
  21  1:58  Probe (Chrono Boost)  
  22  2:09  Probe (Chrono Boost)  
  23  2:17  Zealot  
  23  2:20  Probe (Chrono Boost)  
  26  2:24  Twilight Council  
  26  2:27  Warp Gate  
  26  2:31  Probe (Chrono Boost)  
  27  2:42  Probe (Chrono Boost)  
  28  2:46  Assimilator  
  28  2:49  Probe (Chrono Boost)  
  29  2:52  Assimilator, Probe (Chrono Boost)  
  32  3:00  Stalker  
  32  3:05  Dark Shrine  
  32  3:10  Probe (Chrono Boost)  
  32  3:11  Probe (Chrono Boost)  
  34  3:24  Probe x2 (Chrono Boost)  
  36  3:29  Robotics Facility  
  36  3:34  Probe x2 (Chrono Boost)  
  38  3:44  Sentry  
  38  3:45  Probe x2 (Chrono Boost)  
  42  3:55  Pylon, Probe x2 (Chrono Boost)  
  44  4:00  Gateway  
  44  4:05  Gateway  
  44  4:12  Gateway  
  44  4:15  Probe (Chrono Boost)  
  44  4:17  Probe (Chrono Boost)  
  45  4:21  Warp Prism  
  45  4:30  Probe x2 (Chrono Boost)  
  49  4:40  Probe (Chrono Boost)  
  49  4:43  Dark Templar, Probe (Chrono Boost)  
  53  4:48  Pylon  
  53  5:05  Probe (Chrono Boost)  
  53  5:07  Probe (Chrono Boost)  
  59  5:08  Pylon  
  55  5:24  Dark Templar x2  
  55  5:25  Dark Templar  
  61  5:29  Probe (Chrono Boost)  
  61  5:31  Probe (Chrono Boost)  
  63  5:38  Pylon, Nexus  
  63  5:40  Pylon  
  63  5:42  Stalker  
  65  5:48  Probe (Chrono Boost)  
  67  5:50  Probe (Chrono Boost)  
  67  6:00  Warp Prism  
  67  6:03  Probe (Chrono Boost)  
  59  6:04  Probe (Chrono Boost)  
  61  6:12  Robotics Bay  
  61  6:14  Probe (Chrono Boost)  
  61  6:16  Forge  
  61  6:17  Probe (Chrono Boost)  
  63  6:19  Forge  
  63  6:27  Dark Templar  
  63  6:28  Dark Templar x3  
  63  6:32  Archon x2  
  71  6:36  Probe (Chrono Boost)  
  71  6:37  Probe (Chrono Boost), Immortal  
  73  6:47  Probe (Chrono Boost)  
  78  6:50  Probe (Chrono Boost)  
  78  6:52  Protoss Ground Weapons Level 1, Protoss Ground Armor Level 1  
  79  6:57  Probe (Chrono Boost)  
  79  6:58  Probe (Chrono Boost)  
  81  7:01  Stalker x2  
  81  7:08  Probe x2 (Chrono Boost)  
  87  7:09  Assimilator  
  87  7:13  Assimilator  
  87  7:14  Disruptor  
  88  7:15  Probe (Chrono Boost)  
  88  7:18  Probe (Chrono Boost)  
  88  7:20  Probe (Chrono Boost)  
  93  7:25  Stalker x3  
  93  7:26  Probe (Chrono Boost)  
  93  7:29  Blink  
  100  7:33  Pylon  
  100  7:36  Pylon  
  100  7:38  Pylon  
  100  7:40  Pylon  
  100  7:42  Pylon  
  100  7:46  Pylon  
  102  7:54  Mothership Core (Chrono Boost)  
  102  7:56  Pylon  
  102  7:57  Pylon  
  102  8:00  Pylon  
  102  8:02  Pylon  
  102  8:04  Disruptor  
  102  8:12  Stalker x4  
  111  8:37  Pylon  
  111  8:40  Pylon  
  111  8:51  Disruptor  
  111  8:52  Stalker x3  
  111  8:53  Stalker  
  119  9:07  Gateway  
  119  9:10  Gateway  
  119  9:14  Gateway  
  119  9:16  Gateway  
  116  9:28  Stalker x2  
  116  9:29  Stalker x2  
  115  9:43  Probe (Chrono Boost)  
  115  9:44  Probe (Chrono Boost)  
  115  9:45  Probe (Chrono Boost)  
  83  10:14  Stalker x4  
  87  10:26  Immortal  
  87  10:27  Stalker x3  
  87  10:28  Stalker  
  81  10:39  Stalker x4  
  62  10:54  Stalker x2  
  62  10:55  Stalker  
  65  11:13  Zealot x4  
Show
View Real Time Build Order
Export as new Build Order

Gorod Zerg - Winner!

Build Orders: Hatch First 

Get SALT Encoding   

  12  0:00  Drone  
  13  0:08  Drone  
  13  0:13  Extractor  
  13  0:16  Drone  
  15  0:43  Hatchery  
  14  0:50  Extractor  
  14  0:51  Drone  
  15  1:03  Spawning Pool  
  14  1:15  Extractor  
  14  1:17  Drone, Extractor  
  14  1:18  Drone  
  14  1:25  Overlord  
  15  1:43  Drone x2  
  17  1:49  Drone  
  17  1:50  Queen  
  20  1:56  Queen  
  22  2:02  Drone  
  22  2:03  Drone  
  22  2:06  Drone  
  25  2:11  Drone  
  25  2:12  Extractor  
  25  2:17  Drone  
  26  2:23  Drone  
  27  2:32  Overlord  
  27  2:50  Queen x2  
  31  2:55  Drone x5  
  36  3:11  Hatchery  
  35  3:20  Metabolic Boost  
  35  3:21  Zergling x2  
  35  3:24  Overlord  
  36  3:27  Overlord  
  36  3:56  Drone x3  
  36  3:57  Drone x3  
  36  4:01  Roach Warren  
  41  4:04  Extractor  
  41  4:05  Drone x5  
  41  4:06  Drone  
  41  4:09  Overlord  
  46  4:15  Overlord  
  46  4:32  Overlord  
  46  4:45  Roach x8  
  62  4:53  Overlord  
  62  4:54  Overlord x3  
  62  4:58  Extractor  
  62  4:59  Lair  
  61  5:04  Spore Crawler  
  60  5:07  Spore Crawler  
  60  5:09  Spore Crawler  
  58  5:41  Drone x6  
  58  5:42  Drone  
  65  5:43  Drone x2  
  65  5:47  Roach x7  
  81  6:05  Drone x2  
  81  6:06  Glial Reconstitution, Drone x2  
  81  6:08  Drone x3, Evolution Chamber  
  81  6:10  Overseer  
  81  6:11  Extractor x2  
  85  6:21  Drone x3, Extractor  
  85  6:24  Drone x4  
  91  6:26  Drone  
  92  6:35  Overlord x3  
  92  6:45  Zerg Missile Weapons Level 1  
  92  6:48  Drone x2  
  92  6:49  Roach, Drone x2  
  92  6:50  Roach x3  
  104  6:59  Spore Crawler  
  103  7:02  Spore Crawler  
  103  7:07  Roach x5  
  112  7:37  Roach  
  112  7:38  Roach x8  
  112  7:42  Overlord  
  112  7:43  Overlord x5  
  111  8:14  Ravager x4  
  111  8:15  Ravager x7  
  111  8:16  Roach  
  111  8:17  Roach x7  
  138  8:24  Drone x7  
  138  8:25  Drone x3  
  148  8:35  Hatchery  
  149  9:02  Roach  
  149  9:03  Roach x13  
  149  9:31  Roach x12  
  151  9:41  Drone x3  
  154  9:49  Roach x6  
  145  10:17  Roach x6  
  145  10:18  Roach x8  
  161  10:30  Roach  
  161  10:31  Roach x6  
  167  10:42  Roach x5  
  175  10:49  Roach  
  174  11:03  Roach x2  
Tags
 
Add a new tag
Caveats
  • Supply blocks, unpowered buildings, or Contaminate may cause inaccurate times.
  • Supply counts are checked every 10 seconds.